This is not grunthack, neutral male scurrid Tourist -------- |.....`| |..j@..| |......| |....... |.*.O..| -+------ l X This is not grunthack the Sightseer Experience level: 5 Strength: 14 Dexterity: 14 Constitution: 14 Intelligence: 11 Wisdom: 9 Charisma: 13 Health: 0(31) Energy: 20(20) Def: 3 Gold: 205 Moves: 318 Dungeon seed: 04aMvvvXUKb9I6qD Game ID: This is not grunthack_1528895411 Your Inventory: Coins $ - 205 gold pieces Weapons a - 43 uncursed +2 darts (in quiver) Armor e - an uncursed +0 Hawaiian shirt (being worn) r - an uncursed +2 helm of telepathy (being worn) Comestibles b - an uncursed egg c - an uncursed tripe ration d - 2 uncursed food rations f - an uncursed fortune cookie g - an uncursed orange h - an uncursed cream pie i - 2 uncursed carrots j - an uncursed chestnut k - an uncursed cram ration Scrolls m - 4 uncursed scrolls of magic mapping s - an uncursed scroll of fire Potions B - 2 uncursed potions of hallucination C - a blessed potion of hallucination Wands p - an uncursed wand of secret door detection (0:12) Tools n - an uncursed expensive camera (0:83) o - an uncursed credit card q - an uncursed oil lamp (lit) (0:1104) Spells and supernatural/magical abilities: Name Level Category Fail Memory W - pray for help -- divine ? -- Your skills at the end: Miscellaneous Skills wands [Basic] Weapon Skills dart [Basic] Spellcasting Skills Final Attributes: You were devoutly aligned. You were telepathic. You had infravision. You were very stealthy. You are dead. Vanquished creatures: a tengu a Grey-elf a giant ant a homunculus a kobold lord a hill orc an orc zombie a gecko 8 creatures vanquished. Voluntary challenges: You did not adorn yourself with jewelry or accessories. You did not cause conflict. You were not invisible. You did not have reflection. You were not displaced. You never hit with a wielded weapon. You did not use containers. You did not apply a unicorn horn. You did not use plumbed fixtures. You were illiterate. You never genocided any monsters. You never polymorphed an object. You never changed form. You used no wishes. You never split a pudding. You never wrote Elbereth's name. You never violated your personal moral code. Dungeon overview: The Dungeons of Doom: levels 1 to 21 Level 1 a long staircase Level 2 Level 3 Level 4 a fountain Level 5 a potion shop Level 6 Level 7 many fountains Level 8 Level 9 Level 10 Level 11 Level 12 Level 13 an altar to The Lady Level 14 Level 15 Level 16 a weapon shop Level 17 a sink Level 18 Level 19 Level 20 Level 21 <- You were here History has recorded: On T:1 you entered the Dungeons of Doom to retrieve the Amulet of Yendor! On T:8 you reached level 2 of The Dungeons of Doom. On T:10 you reached level 3 of The Dungeons of Doom. On T:19 you reached level 4 of The Dungeons of Doom. On T:25 you reached level 5 of The Dungeons of Doom. On T:46 you reached level 6 of The Dungeons of Doom. On T:61 you reached level 7 of The Dungeons of Doom. On T:66 you advanced to experience level 2. On T:71 you advanced to experience level 3. On T:115 you reached level 9 of The Dungeons of Doom. On T:124 you reached level 10 of The Dungeons of Doom. On T:132 you reached level 11 of The Dungeons of Doom. On T:147 you advanced to experience level 4. On T:161 you reached level 12 of The Dungeons of Doom. On T:168 you reached level 13 of The Dungeons of Doom. On T:214 you reached level 14 of The Dungeons of Doom. On T:224 you reached level 15 of The Dungeons of Doom. On T:231 you reached level 16 of The Dungeons of Doom. On T:245 you reached level 17 of The Dungeons of Doom. On T:271 you prayed to The Lady. On T:282 you advanced to experience level 5. On T:290 you reached level 18 of The Dungeons of Doom. On T:290 you entered the Rogue tribute level. On T:298 you reached level 19 of The Dungeons of Doom. On T:310 you reached level 20 of The Dungeons of Doom. On T:318 you reached level 21 of The Dungeons of Doom. Score breakdown: Gold: 170 ( 17 points) Experience: 5 levels ( 400 points) Exploration: 21 levels ( 600 points) Discoveries: 5 items ( 250 points) Variety of kills: 8 monsters ( 400 points) Major goal: (nothing yet) ( 0 points) Survival: died (score multiplied by 3) Total score: 5001 Latest messages: You continue digging. You continue chewing on the rock. You make an opening in the wall. You start digging downward. You continue digging downward. You dig a pit in the floor. You continue digging downward. (6x) You can see again. You continue digging downward. You dig a hole through the floor. You fall through... You start digging downward. You continue digging downward. You dig a pit in the floor. You continue digging downward. (7x) You dig a hole through the floor. You fall through... The ogre king zaps a platinum wand! The wand hits you! You die... Final status: Aloha This is not grunthack the Tourist, killed by a force bolt... You died in The Dungeons of Doom on dungeon level 21 with 5001 points, and 205 pieces of gold, after 318 moves. You were level 5 with a maximum of 31 hit points when you died.